 Dungeon Crawl Stone Soup version 0.27.1-4-g1640c2035a (webtiles) character file.

Game seed: 13260004986844427182

7963 unlimited1921 the Ducker (level 11, -11/186 HPs)
             Began as a Gnoll Arcane Marksman on Nov 11, 2021.
             Was an Initiate of Gozag.
             Mangled by a soul eater (14 damage)
             ... summoned by an orc high priest
             ... on level 10 of the Dungeon.
             The game lasted 02:04:38 (18065 turns).

unlimited1921 the Ducker (Gnoll Arcane Marksman)   Turns: 18065, Time: 02:04:43

Health: -11/186    AC: 21    Str:  9    XL:     11   Next: 23%
Magic:  21/21      EV:  2    Int: 15    God:    Gozag
Gold:   896        SH:  0    Dex: 20    Spells: 3/23 levels left

rFire    + + .     SeeInvis .   a - +1 hand crossbow
rCold    + . .     Faith    .   (no shield)
rNeg     + + +     Spirit   .   (armour currently unavailable)
rPois    +         Reflect  .   (helmet currently unavailable)
rElec    .         Harm     +   (cloak currently unavailable)
rCorr    .         Rampage  .   (gloves currently unavailable)
Will     .....     NoTele   +   (boots currently unavailable)
Stlth    ..........             j - amulet of Niguj {RegenMP Harm Drain rF++ rC+}
HPRegen  0.41/turn              q - +4 ring of evasion
MPRegen  0.42/turn              L - +6 ring of dexterity

@: confused, berserking, tree-form, ambrosia-drunk, corroded, very quick
A: stationary, stasis, torment immunity, boosted hp, (fangs 1), strong nose,
distributed training
a: Renounce Religion, Potion Petition, Call Merchant, Bribe Branch


You were on level 10 of the Dungeon.
You worshipped Gozag.
Gozag was pleased with you.
You were a tree.
You visited 3 branches of the dungeon, and saw 12 of its levels.

You collected 1296 gold pieces.
You spent 257 gold pieces at shops.
You paid 143 gold pieces to Gozag.

Inventory:

Hand Weapons
 a - a +1 hand crossbow (weapon)
 J - a +2 quarterstaff of chaos
 O - a +4 great sword of freezing
 P - a +1 vorpal morningstar
 Q - a +4 trident
 V - a +2 falchion of draining
 W - a +3 shortbow
 Z - a +2 scimitar of flaming
Missiles
 c - 18 bolts (quivered ammo)
 f - 25 boomerangs
 i - 227 arrows
 m - 8 atropa-tipped darts
 r - 7 throwing nets
 t - 46 poisoned darts
Armour
 E - a +3 leather armour of poison resistance (melded)
 K - a +0 cloak (melded)
 S - the +1 pair of gloves of the Game of Life (melded) {+Blink Will- rCorr Int+4}
   (You found it on level 6 of the Dungeon)

   Int:       It affects your intelligence (+4).
   +Blink:    It lets you blink.
   rCorr:     It protects you from acid and corrosion.
   Will:      It decreases your willpower.
 T - a +2 pair of gloves
 U - the +3 ring mail "Nargh" {rElec rC++ rCorr}
   (You found it on level 9 of the Dungeon)

   rC:        It greatly protects you from cold.
   rElec:     It insulates you from electricity.
   rCorr:     It protects you from acid and corrosion.
Jewellery
 b - a ring of poison resistance
 j - the amulet of Niguj (around neck) {RegenMP Harm Drain rF++ rC+}
   (You acquired it on level 9 of the Dungeon)

   [amulet of magic regeneration]

   It increases your rate of magic regeneration.
   rF:        It greatly protects you from fire.
   rC:        It protects you from cold.
   Drain:     It drains your maximum health when unequipped.
   Harm:      It increases damage dealt and taken.
 l - a ring of fire
 q - a +4 ring of evasion (left branch)
 x - a ring of flight
 A - a ring of ice
 D - a ring of willpower
 L - a +6 ring of dexterity (right branch)
Wands
 z - a wand of flame (62)
 X - a wand of polymorph (9)
 Y - a wand of acid (8) (quivered)
Scrolls
 e - a scroll of amnesia {unknown}
 g - a scroll of magic mapping
 n - 6 scrolls of teleportation
 C - 2 scrolls of enchant armour
 I - a scroll of immolation
 M - 2 scrolls of fog
Potions
 u - a potion of attraction {unknown}
 w - 3 potions of might
 B - a potion of invisibility {unknown}
 F - a potion of magic {unknown}
 G - a potion of flight {unknown}
 H - a potion of mutation {unknown}
 R - a potion of heal wounds {unknown}


   Skills:
 + Level 6.7 Fighting
 + Level 6.1 Short Blades
 + Level 6.1 Long Blades
 + Level 6.1 Axes
 + Level 6.1 Maces & Flails
 + Level 6.1 Polearms
 + Level 6.1 Staves
 + Level 6.1 Slings
 + Level 6.1 Bows
 + Level 7.7 Crossbows
 + Level 6.1 Throwing
 + Level 6.1 Armour
 + Level 7.7 Dodging
 + Level 6.1 Stealth
 + Level 6.1 Shields
 + Level 6.1 Unarmed Combat
 + Level 6.8 Spellcasting
 + Level 5.0 Conjurations
 + Level 7.5 Hexes
 + Level 5.0 Summonings
 + Level 5.0 Necromancy
 + Level 5.0 Translocations
 + Level 5.0 Transmutations
 + Level 5.0 Fire Magic
 + Level 5.0 Ice Magic
 + Level 5.0 Air Magic
 + Level 5.0 Earth Magic
 + Level 5.0 Poison Magic
 + Level 6.7 Invocations
 + Level 6.1 Evocations


You had 3 spell levels left.
You knew the following spells:

 Your Spells              Type           Power      Damage    Failure   Level
a - Corona                Hex            30%        N/A       1%          1
b - Slow                  Hex            27%        N/A       1%          2
c - Inner Flame           Hex/Fire       24%        N/A       3%          3
d - Portal Projectile     Hex/Tloc       48%        N/A       3%          3
e - Blink                 Tloc           N/A        N/A       2%          2
f - Vampiric Draining     Necr           10%        2d7       4%          3
g - Cause Fear            Hex            13%        N/A       6%          4
h - Ensorcelled Hibernat  Hex/Ice        48%        N/A       1%          2

Your spell library contained the following spells:

 Spells                   Type           Power      Damage    Failure   Level
 Animate Skeleton         Necr           40%        N/A       1%          1
 Pain                     Necr           80%        1d8       1%          1
 Confusing Touch          Hex            27%        N/A       1%          3
 Corpse Rot               Necr/Air       N/A        N/A       2%          2
 Poisonous Vapours        Pois/Air       40%        N/A       2%          2
 Frozen Ramparts          Ice            40%        1d6       4%          3
 Lesser Beckoning         Tloc           10%        N/A       4%          3
 Spider Form              Tmut/Pois      10%        N/A       4%          3
 Animate Dead             Necr           10%        N/A       17%         4
 Dispel Undead            Necr           20%        3d11      17%         4
 Ice Form                 Ice/Tmut       20%        N/A       17%         4
 Summon Ice Beast         Ice/Summ       20%        N/A       17%         4
 Borgnjor's Vile Clutch   Necr/Erth      10%        N/A       43%         5
 Freezing Cloud           Conj/Ice/Air   10%        6-21      43%         5
 Manifold Assault         Tloc           20%        N/A       43%         5
 Death Channel            Necr           10%        N/A       95%         6
 Shadow Creatures         Summ           N/A        N/A       95%         6


Dungeon Overview and Level Annotations

Branches:
Dungeon (10/15)            Temple (1/1) D:6            Lair (0/6) D:10
    Orc (1/2) D:10

Altars:
Ashenzari
Cheibriados
Dithmenos
Elyvilon
Fedhas
Gozag
Hepliaklqana
Kikubaaqudgha
Makhleb
Nemelex Xobeh
Okawaru
Qazlal
Ru
Sif Muna
Trog
Uskayaw
Vehumet
Wu Jian
Xom
Yredelemnul
Zin
The Shining One

Shops:
D:1 (*   D:6 (   D:9 *

Annotations:
D:7 2 transporters, 0gre's ghost, novice GnCj


Innate Abilities, Weirdness & Mutations

You are a tree.
Your roots penetrate the ground, keeping you stationary.
You cannot be teleported.
You are immune to unholy pain and torment.
Your maximum health is greatly increased.
Your equipment is partially melded.
((You have very sharp teeth.))
Your uncanny sense of smell can sniff out nearby items.
Your experience applies equally to all skills.


Message History

You are confused.
You feel invigorated. The rust devil hits you. The rust devil corrodes you!
The orc high priest utters an invocation to Beogh.
Unknown command.
It was a potion of berserk rage.
A red film seems to cover your vision as you go berserk!
You feel yourself moving faster!
You feel mighty!
The rust devil disappears in a puff of smoke!
The sun demon hits you but does no damage.
The orc high priest hits you with a +0 short sword of electrocution.
* * * LOW HITPOINT WARNING * * *
You are too berserk!
You are too berserk!
Unknown command.
You are too berserk!
Unknown command.
Unknown command.
You are too berserk!
You are too injured to fight recklessly!
Unknown command.
You are too berserk!
Unknown command.
You feel a strong urge to attack something.
The sun demon hits you.
* * * LOW HITPOINT WARNING * * *
You are engulfed in flames.
You resist.
* * * LOW HITPOINT WARNING * * *
You are too berserk!
Unknown command.
You are too berserk!
Unknown command.
The orc high priest hits you with a +0 short sword of electrocution.
* * * LOW HITPOINT WARNING * * *
The smoke demon hits you but does no damage.
The smoke demon hits you.
* * * LOW HITPOINT WARNING * * *
The smoke demon hits you but does no damage.
The soul eater hits you!
You die...
Your body crumbles into a pile of gold.

#########################
....................#.'!#
...............3o3..#.#!#
.............(..♣3..#.#.#
.............)........#.#
..).##.....)..........###
....)...........#....≈#
................#...≈.#
#######################
...#......#.........#
)..#......#.(.......#
))>#......#..#####.##


You could see a soul eater (summoned), an orc high priest, a sun demon
(summoned) and a smoke demon (summoned).

Vanquished Creatures
  Erica (D:8)
  Harold (D:10)
  A two-headed ogre (D:10)
  A hornet (D:5)
  Grinder (D:6)
  8 yaks
  A wyvern (D:7)
  Menkaure (D:4)
  2 water moccasins
  2 acid dragons (D:9)
  A sky beast (D:6)
  4 orc warriors
  A swamp drake (D:10)
  A black bear (D:3)
  4 centaurs
  A necrophage (D:7)
  2 ogres
  A phantom (D:6)
  2 kobold brigands
  2 bullfrogs
  A wyvern zombie (D:8)
  A gnoll sergeant (D:10)
  A scorpion (D:5)
  3 water moccasin zombies (D:5)
  3 water moccasin skeletons
  5 killer bees (D:7)
  13 wights
  A howler monkey (D:5)
  2 bullfrog zombies
  2 jellies
  Crazy Yiuf (D:5)
  2 centaur zombies
  2 bullfrog skeletons
  6 orc priests
  A hound (D:5)
  A gnoll shaman (D:6)
  An iguana (D:5)
  5 orc wizards
  2 howler monkey zombies (D:10)
  8 gnolls
  5 adders
  2 shadow imps (D:8)
  2 white imps (D:6)
  5 worms (D:2)
  22 orcs
  9 ball pythons
  5 endoplasms
  3 giant cockroaches (D:4)
  4 hobgoblins
  5 jackals
  3 quokkas
  A bat (D:3)
  3 frilled lizards
  4 goblins
  19 kobolds
  6 rats
197 creatures vanquished.

Notes
Turn   | Place    | Note
-------+----------+-------------------------------------------
     0 | D:1      | unlimited1921 the Gnoll Arcane Marksman began the quest for
                  | the Orb.
     0 | D:1      | Reached XP level 1. HP: 17/17 MP: 4/4
     2 | D:1      | Noticed an octopode
     4 | D:1      | Noticed a dwarf
     4 | D:1      | Noticed a vampire
     6 | D:1      | Noticed a minotaur
     6 | D:1      | Noticed a felid
     8 | D:1      | Noticed a spriggan
     8 | D:1      | Noticed a demigod
    10 | D:1      | Noticed a formicid
    10 | D:1      | Noticed a vine stalker
    12 | D:1      | Noticed a troll
    12 | D:1      | Noticed a human
    14 | D:1      | Noticed a demonspawn
    14 | D:1      | Noticed a barachi
    18 | D:1      | Noticed a naga
    20 | D:1      | Noticed a djinni
    20 | D:1      | Noticed an ogre
    22 | D:1      | Noticed a ghoul
    24 | D:1      | Noticed a gargoyle
    24 | D:1      | Noticed an elf
    26 | D:1      | Noticed a tengu
    26 | D:1      | Noticed a merfolk
    28 | D:1      | Noticed a palentonga
    28 | D:1      | Noticed a draconian
   170 | D:1      | Found Taeryu Boan's General Store.
   215 | D:1      | Found Gublips's Weapon Shop.
   261 | D:1      | Bought 5 boomerangs for 27 gold pieces
   281 | D:1      | Reached XP level 2. HP: 23/23 MP: 2/5
   284 | D:1      | Learned a level 2 spell: Slow
   911 | D:1      | Bought a scroll of identify for 20 gold pieces
  1209 | D:2      | Reached XP level 3. HP: 19/28 MP: 7/7
  1231 | D:2      | Learned a level 3 spell: Inner Flame
  1570 | D:2      | Reached skill level 1 in Invocations
  2028 | D:2      | Reached skill level 1 in Short Blades
  2028 | D:2      | Reached skill level 1 in Long Blades
  2028 | D:2      | Reached skill level 1 in Axes
  2028 | D:2      | Reached skill level 1 in Maces & Flails
  2028 | D:2      | Reached skill level 1 in Polearms
  2028 | D:2      | Reached skill level 1 in Staves
  2028 | D:2      | Reached skill level 1 in Slings
  2028 | D:2      | Reached skill level 1 in Bows
  2028 | D:2      | Reached skill level 1 in Throwing
  2028 | D:2      | Reached skill level 1 in Armour
  2028 | D:2      | Reached skill level 1 in Stealth
  2028 | D:2      | Reached skill level 1 in Shields
  2028 | D:2      | Reached skill level 1 in Unarmed Combat
  2028 | D:2      | Reached skill level 1 in Evocations
  2173 | D:2      | Found a faded altar of an unknown god.
  2183 | D:2      | Reached XP level 4. HP: 32/34 MP: 8/8
  4025 | D:3      | Noticed a black bear
  4042 | D:3      | Killed a black bear
  4043 | D:3      | Reached skill level 1 in Conjurations
  4043 | D:3      | Reached skill level 1 in Summonings
  4043 | D:3      | Reached skill level 1 in Necromancy
  4043 | D:3      | Reached skill level 1 in Translocations
  4043 | D:3      | Reached skill level 1 in Transmutations
  4043 | D:3      | Reached skill level 1 in Fire Magic
  4043 | D:3      | Reached skill level 1 in Ice Magic
  4043 | D:3      | Reached skill level 1 in Air Magic
  4043 | D:3      | Reached skill level 1 in Earth Magic
  4043 | D:3      | Reached skill level 1 in Poison Magic
  4043 | D:3      | Reached XP level 5. HP: 41/41 MP: 7/9
  4101 | D:3      | Noticed an air elemental
  4423 | D:3      | Noticed a water elemental
  4425 | D:3      | Found a stormy altar of Qazlal.
  4505 | D:3      | Noticed a fire elemental
  4782 | D:3      | Found a shadowy altar of Dithmenos.
  4977 | D:4      | Reached XP level 6. HP: 41/47 MP: 6/11
  5197 | D:4      | Noticed Menkaure
  5202 | D:4      | Killed Menkaure
  5203 | D:4      | Reached skill level 5 in Crossbows
  5203 | D:4      | Reached skill level 5 in Dodging
  6000 | D:1      | Bought a +3 leather armour of poison resistance for 210
                  | gold pieces
  6257 | D:5      | Entered Level 5 of the Dungeon
  6340 | D:5      | Learned a level 3 spell: Portal Projectile
  6352 | D:5      | Reached XP level 7. HP: 45/52 MP: 9/12
  6774 | D:5      | Found a blossoming altar of Fedhas.
  6988 | D:5      | Noticed a hornet
  6999 | D:5      | Killed a hornet
  7000 | D:5      | Reached XP level 8. HP: 17/60 MP: 8/14
  7783 | D:5      | Found a runed translucent door.
  7784 | D:5      | Noticed Crazy Yiuf
  7830 | D:5      | Killed Crazy Yiuf
  8430 | D:6      | Found Hodumeso's Antique Weapon Shop.
  8434 | D:6      | Found a staircase to the Ecumenical Temple.
  8452 | Temple   | Entered the Ecumenical Temple
  8855 | D:6      | Found a sand-covered staircase.
  9046 | D:6      | Noticed Grinder
  9052 | D:6      | Killed Grinder
  9053 | D:6      | Reached XP level 9. HP: 65/66 MP: 8/16
  9168 | D:6      | Found the macabre finger necklace {rN+}
  9588 | D:6      | Reached skill level 5 in Spellcasting
 10181 | D:6      | Identified the +1 pair of gloves of the Game of Life
                  | {+Blink Will- rCorr Int+4}
 10374 | D:6      | Reached skill level 5 in Fighting
 10813 | D:7      | Found a shimmering altar of Xom.
 10833 | D:7      | Found a hide-covered altar of Uskayaw.
 11631 | D:7      | Found a transporter.
 11645 | D:7      | Reached skill level 5 in Invocations
 11806 | D:7      | Found an opulent altar of Gozag.
 11824 | D:7      | Became a worshipper of Gozag Ym Sagoz the Greedy
 12492 | D:7      | Found a transporter.
 12492 | D:7      | Noticed 0gre's ghost (novice GnCj)
 12590 | D:8      | Learned a level 2 spell: Blink
 12594 | D:8      | Learned a level 3 spell: Vampiric Draining
 12599 | D:8      | Learned a level 4 spell: Cause Fear
 12939 | D:8      | Reached XP level 10. HP: 74/74 MP: 12/18
 13067 | D:8      | Learned a level 2 spell: Ensorcelled Hibernation
 13229 | D:8      | Noticed Erica
 13266 | D:8      | Killed Erica
 13267 | D:8      | Reached skill level 5 in Short Blades
 13267 | D:8      | Reached skill level 5 in Long Blades
 13267 | D:8      | Reached skill level 5 in Axes
 13267 | D:8      | Reached skill level 5 in Maces & Flails
 13267 | D:8      | Reached skill level 5 in Polearms
 13267 | D:8      | Reached skill level 5 in Staves
 13267 | D:8      | Reached skill level 5 in Slings
 13267 | D:8      | Reached skill level 5 in Bows
 13267 | D:8      | Reached skill level 5 in Throwing
 13267 | D:8      | Reached skill level 5 in Armour
 13267 | D:8      | Reached skill level 5 in Stealth
 13267 | D:8      | Reached skill level 5 in Shields
 13267 | D:8      | Reached skill level 5 in Unarmed Combat
 13267 | D:8      | Reached skill level 5 in Evocations
 13272 | D:8      | Identified a scroll of acquirement
 13644 | D:9      | Acquired the amulet of Niguj {RegenMP Harm Drain rF++ rC+}
 13691 | D:9      | Found Poemokux's Gadget Gallery.
 15780 | D:9      | Identified the +3 ring mail "Nargh" {rElec rC++ rCorr}
 15862 | D:10     | Entered Level 10 of the Dungeon
 16316 | D:10     | Noticed a two-headed ogre
 16327 | D:10     | Killed a two-headed ogre
 16328 | D:10     | Reached XP level 11. HP: 83/83 MP: 9/20
 16489 | D:10     | Found a staircase to the Orcish Mines.
 17363 | D:10     | Found a staircase to the Lair.
 17438 | D:10     | Noticed Harold
 17446 | D:10     | Killed Harold
 17447 | D:10     | Reached skill level 5 in Conjurations
 17447 | D:10     | Reached skill level 5 in Summonings
 17447 | D:10     | Reached skill level 5 in Necromancy
 17447 | D:10     | Reached skill level 5 in Translocations
 17447 | D:10     | Reached skill level 5 in Transmutations
 17447 | D:10     | Reached skill level 5 in Fire Magic
 17447 | D:10     | Reached skill level 5 in Ice Magic
 17447 | D:10     | Reached skill level 5 in Air Magic
 17447 | D:10     | Reached skill level 5 in Earth Magic
 17447 | D:10     | Reached skill level 5 in Poison Magic
 17778 | Orc:1    | Entered Level 1 of the Orcish Mines
 17778 | Orc:1    | Noticed an orc high priest
 18055 | Orc:1    | Noticed a sixfirhy
 18055 | Orc:1    | Noticed a soul eater
 18058 | Orc:1    | HP: 3/83 [soul eater/drain life[an orc high priest] (24)]
 18058 | Orc:1    | HP: 1/83 [orc high priest (2)]
 18062 | D:10     | Noticed a sun demon
 18063 | D:10     | Noticed a soul eater
 18064 | D:10     | HP: 9/186 [sun demon[an orc high priest] (7)]
 18065 | D:10     | HP: 3/186 [smoke demon[an orc high priest] (4)]
 18065 | D:10     | Mangled by a soul eater

Illustrated notes

Levels and vault maps discovered:
D:1:      kb_arrival_jail, layout_rooms, serial_shops, shop_fountains, shop,
          chequers_garden, minmay_tromino_mix6
D:2:      layout_loops_ring, hellmonk_ecumenical_altar_pennies_from_heaven,
          moated_statue
D:3:      layout_basic, mainiacjoe_overflow_alcove_4,
          nicolae_qazlal_style_of_elements
D:4:      layout_basic, uniq_menkaure
D:5:      layout_basic, mainiacjoe_overflow_paths, uniq_crazy_yiuf_cottage
D:6:      layout_basic, minmay_temple_entry_sparse_star, serial_shops,
          shop_statue, enter_ossuary_2, uniq_grinder
D:7:      layout_cave_pods, grunt_gozag_statues,
          mainiacjoe_overflow_large_starburst, gammafunk_ghost_stat_death,
          chequers_serial_rivers_micro_c
D:8:      layout_basic, uniq_erica
D:9:      layout_basic, nicolae_shop_gadgets
D:10:     layout_irregular_city, lair_entry_dummy, erik_orc_1, uniq_harold
Temple:   eino_temple_rhombus
Orc:1:    layout_caves, basic_altar, uniq_jorgrun

Skill      XL: |  1  2  3  4  5  6  7  8  9 10 11 |
---------------+----------------------------------+-----
Invocations    | 1 2 3 4 5 6 |  6.7
Short Blades   | 1 2 3 4 5 6 |  6.1
Long Blades    | 1 2 3 4 5 6 |  6.1
Axes           | 1 2 3 4 5 6 |  6.1
Maces & Flails | 1 2 3 4 5 6 |  6.1
Polearms       | 1 2 3 4 5 6 |  6.1
Staves         | 1 2 3 4 5 6 |  6.1
Slings         | 1 2 3 4 5 6 |  6.1
Bows           | 1 2 3 4 5 6 |  6.1
Throwing       | 1 2 3 4 5 6 |  6.1
Armour         | 1 2 3 4 5 6 |  6.1
Stealth        | 1 2 3 4 5 6 |  6.1
Shields        | 1 2 3 4 5 6 |  6.1
Unarmed Combat | 1 2 3 4 5 6 |  6.1
Evocations     | 1 2 3 4 5 6 |  6.1
Spellcasting   | 3 4 5 6 |  6.8
Fighting       | 3 4 5 6 |  6.7
Conjurations   | 1 2 3 4 5 |  5.0
Summonings     | 1 2 3 4 5 |  5.0
Necromancy     | 1 2 3 4 5 |  5.0
Translocations | 1 2 3 4 5 |  5.0
Transmutations | 1 2 3 4 5 |  5.0
Fire Magic     | 1 2 3 4 5 |  5.0
Ice Magic      | 1 2 3 4 5 |  5.0
Air Magic      | 1 2 3 4 5 |  5.0
Earth Magic    | 1 2 3 4 5 |  5.0
Poison Magic   | 1 2 3 4 5 |  5.0
Crossbows      | 5 6 7 |  7.7
Dodging        | 5 6 7 |  7.7
Hexes          | 6 7 |  7.5

Action                   |  1- 3 |  4- 6 |  7- 9 | 10-12 || total
-------------------------+-------+-------+-------+-------++-------
Melee: Quarterstaff      |       |       |     7 |       ||     7
       Bite              |       |       |     2 |       ||     2
 Fire: Hand crossbow     |    87 |    86 |   158 |    92 ||   423
Throw: Dart              |       |       |     9 |       ||     9
 Cast: Corona            |    43 |    25 |    34 |     8 ||   110
       Slow              |     1 |    12 |     3 |     2 ||    18
       Inner Flame       |       |     1 |    56 |    61 ||   118
       Portal Projectile |       |       |     2 |     2 ||     4
       Ensorcelled Hiber |       |       |       |     3 ||     3
       Blink             |       |       |       |     1 ||     1
       Cause Fear        |       |       |       |     7 ||     7
Evoke: Wand              |       |       |     3 |    13 ||    16
  Use: Scroll            |     3 |     2 |     5 |     6 ||    16
       Potion            |       |       |       |     7 ||     7
Armor: Leather armour    |     6 |    11 |    13 |     9 ||    39
       Skin              |       |       |       |     4 ||     4
Dodge: Dodged            |    10 |    24 |    83 |    45 ||   162
